 Dungeon Crawl Stone Soup version 0.22-a0-389-g8519d86 (webtiles) character file.

2831 dimadima095 the Ogre Mage (level 9, -10/85 HPs)
             Began as an Ogre Wizard on Apr 30, 2018.
             Was an Initiate of Vehumet.
             Mangled by a hornet (18 damage)
             ... on level 8 of the Dungeon.
             The game lasted 00:29:48 (9651 turns).

dimadima095 the Ogre Mage (Ogre Wizard)             Turns: 9651, Time: 00:29:50

Health: -10/85     AC:  3    Str: 13    XL:     9   Next: 73%
Magic:  14/20      EV: 10    Int: 22    God:    Vehumet [......]
Gold:   102        SH:  0    Dex:  7    Spells: 15/23 levels left

rFire    . . .     SeeInvis .   A - +1 spear (venom)
rCold    . . .     Gourm    .   (no shield)
rNeg     . . .     Faith    .   a - +0 robe
rPois    .         Spirit   .   b - +0 hat
rElec    .         Reflect  .   (no cloak)
rCorr    .         Harm     .   (gloves unavailable)
MR       .....                  (boots unavailable)
Stlth    ++........             (no amulet)
HPRegen  0.24/turn              u - ring of stealth
MPRegen  0.17/turn              (no ring)

@: very slightly contaminated, hasted, very quick
A: large, unfitting armour, tough skin 1
a: Renounce Religion


You were on level 8 of the Dungeon.
You worshipped Vehumet.
Vehumet was noncommittal.
You were not hungry.

You visited 2 branches of the dungeon, and saw 9 of its levels.

You collected 428 gold pieces.
You spent 326 gold pieces at shops.

Inventory:

Hand Weapons
 A - a +1 spear of venom (weapon)
 G - a cursed +2 spear of freezing
 J - a cursed +5 spear
Missiles
 w - 3 javelins (quivered)
Armour
 a - a +0 robe (worn)
 b - a +0 hat (worn)
Jewellery
 u - a ring of stealth (left hand)
 y - an uncursed ring of protection from fire {unknown}
 F - a +1 ring of protection {unknown}
Wands
 v - a wand of random effects (15)
 x - a wand of disintegration (10)
 z - a wand of paralysis (8)
Scrolls
 c - 7 scrolls of remove curse
 f - 10 scrolls of identify {unknown}
 h - a scroll of enchant armour {unknown}
 j - a scroll of enchant weapon {unknown}
 o - 4 scrolls of amnesia {unknown}
 p - 5 scrolls of teleportation
 q - 2 scrolls of random uselessness {unknown}
 r - 3 scrolls of fog {unknown}
 s - a scroll of fear {unknown}
 t - a scroll of immolation {unknown}
 C - a scroll of magic mapping
 D - a scroll of silence {unknown}
 I - a scroll of noise {unknown}
 L - a scroll of blinking {unknown}
Potions
 e - 2 potions of agility {unknown}
 g - 4 potions of haste
 i - 3 potions of curing
 k - a potion of might {unknown}
 l - 2 potions of degeneration {unknown}
 m - 2 potions of magic
 n - a potion of heal wounds {unknown}
 B - a potion of flight {unknown}
 E - 2 potions of mutation {unknown}
 H - a potion of brilliance {unknown}
Comestibles
 d - 10 rations


   Skills:
 + Level 4.7 Fighting
 - Level 4.2 Throwing
 - Level 2.2 Armour
 - Level 1.8 Dodging
 - Level 1.4 Stealth
 + Level 7.6 Spellcasting
 + Level 5.2 Conjurations
 - Level 0.8 Summonings
 - Level 0.8 Translocations
 + Level 4.9 Fire Magic
 + Level 3.9 Evocations


You had 15 spell levels left.
You knew the following spells:

 Your Spells              Type           Power        Failure   Level  Hunger
a - Magic Dart            Conj           ####         1%          1    None
b - Blink                 Tloc           N/A          9%          2    None
c - Call Imp              Summ           ##......     9%          2    None
d - Conjure Flame         Conj/Fire      ####....     2%          3    None


Dungeon Overview and Level Annotations

Branches:
Dungeon (8/15)             Temple (1/1) D:6
   Lair: D:8-11

Altars:
Ashenzari
Cheibriados
Elyvilon
Fedhas
Gozag
Hepliaklqana
Kikubaaqudgha
Nemelex Xobeh
Okawaru
Qazlal
Ru
Sif Muna
Trog
Uskayaw
Vehumet
Wu Jian
Xom
Yredelemnul
Zin
The Shining One

Shops:
D:4 =[[:   D:6 *   D:7 ?   D:8 }*


Innate Abilities, Weirdness & Mutations

You are too large for most types of armour.
You have tough skin. (AC +1)


Message History

The hornet closely misses you.
Your crimson imp blinks!
You miss the hornet.
The hornet is heavily wounded.
The hornet is engulfed in blazing flames.
The hornet stings you.
* * * LOW HITPOINT WARNING * * *
You feel yourself slow down.
Unknown command.
Casting: Conjure Flame (safe; 2% risk of failure)
Confirm with . or Enter, or press ? or * to list all spells.
Aiming: Magic Dart (safe; 1% risk of failure)
Press: ? - help, Shift-Dir - straight line, f/p - hornet
Aim: a hornet (flame, severely wounded, poisoned)
The magic dart hits the hornet.
The hornet is severely wounded.
You feel yourself speed up.
The hornet is engulfed in blazing flames.
The hornet stings you!!
You die...

#.#####..##
#.........#
###.###8#.## ##
#..##.#..# .###
#..8.∩.8.# #...
#.###.#### ..#
#.###8# ###.#####.
#.##..#####5)..>....
#.....@yK..)#.######
#.###########.# #.#
.. #.#


KK. #.# .K## #.# ... #.# .## #. You could see a hornet, a kobold and a friendly
crimson imp.

Vanquished Creatures
  Pikel (D:7)
  The ghost of Mgcat the Insei, an amateur OpTm (D:3)
  A hungry ghost (D:5)
  A water moccasin (D:6)
  An eye of draining (D:5)
  A slave (D:7)
  2 ice beasts
  2 ogres
  A black bear (D:6)
  A necrophage (D:7)
  2 centaurs
  A big kobold (D:8)
  A bullfrog (D:6)
  An elf skeleton (D:7)
  2 scorpions
  3 wights (D:7)
  A crimson imp (D:6)
  3 hounds
  3 human zombies (D:7)
  An orc wizard (D:4)
  A bullfrog skeleton (D:7)
  5 worker ants
  3 mummies (D:7)
  4 gnolls (D:5)
  8 adders
  A shadow imp (D:6)
  An ooze (D:6)
  2 adder skeletons
  A worm (D:4)
  5 leopard geckos
  9 orcs
  3 ball pythons
  2 giant cockroaches
  3 goblins
  6 hobgoblins
  11 jackals
  9 kobolds
  3 quokkas
  7 bats
  5 frilled lizards
  2 jackal skeletons
  A leopard gecko zombie (D:2)
  An orc zombie (D:7)
  7 rats
  A bush (D:1)
131 creatures vanquished.

Vanquished Creatures (collateral kills)
  A centaur (D:5)
  2 orc priests
  3 gnolls (D:2)
  2 adders (D:2)
  An ooze (D:3)
  A worm (D:4)
  2 leopard geckos
  5 orcs
  A giant cockroach (D:3)
  A hobgoblin (D:2)
  A kobold (D:8)
20 creatures vanquished.

Grand Total: 151 creatures vanquished

Notes
Turn   | Place    | Note
-------+----------+-------------------------------------------
     0 | D:1      | dimadima095 the Ogre Wizard began the quest for the Orb.
     0 | D:1      | Reached XP level 1. HP: 16/16 MP: 5/5
   402 | D:1      | Reached skill level 4 in Spellcasting
   459 | D:1      | Reached XP level 2. HP: 23/24 MP: 4/7
   708 | D:1      | Reached skill level 1 in Conjurations
   730 | D:1      | Learned a level 2 spell: Blink
   733 | D:1      | Learned a level 2 spell: Call Imp
  1103 | D:2      | Reached skill level 1 in Fighting
  1174 | D:2      | Reached XP level 3. HP: 33/33 MP: 5/8
  1590 | D:2      | Learned a level 3 spell: Conjure Flame
  1605 | D:2      | Reached skill level 1 in Armour
  1679 | D:2      | Found a shattered altar of Ashenzari.
  1713 | D:2      | Reached XP level 4. HP: 42/42 MP: 5/10
  1838 | D:2      | Reached XP level 5. HP: 49/49 MP: 0/11
  2043 | D:2      | Found a sparkling altar of Nemelex Xobeh.
  2676 | D:3      | Reached skill level 1 in Fire Magic
  3112 | D:3      | Noticed Mgcat's ghost (amateur OpTm)
  3163 | D:3      | Killed Mgcat's ghost
  3163 | D:3      | Reached skill level 5 in Spellcasting
  3163 | D:3      | Reached XP level 6. HP: 45/61 MP: 1/13
  3366 | D:3      | Found a white marble altar of Elyvilon.
  4065 | D:4      | Found a shimmering altar of Xom.
  4150 | D:4      | Found Xownariso's Armour Shoppe.
  4256 | D:4      | Reached XP level 7. HP: 68/68 MP: 3/15
  4527 | D:4      | Found an iron altar of Okawaru.
  4560 | D:4      | Found Simit's Book Shop.
  4654 | D:4      | Found an ancient bone altar of Kikubaaqudgha.
  4654 | D:4      | Found a sacrificial altar of Ru.
  4728 | D:4      | Found Lazxec's Jewellery Boutique.
  4784 | D:4      | Found Qomu's Armour Emporium.
  4923 | D:5      | Entered Level 5 of the Dungeon
  4947 | D:5      | Noticed a hungry ghost
  5077 | D:4      | Reached skill level 1 in Evocations
  5191 | D:5      | Reached skill level 1 in Throwing
  5610 | D:5      | Killed a hungry ghost
  5610 | D:5      | Reached skill level 6 in Spellcasting
  5610 | D:5      | Reached XP level 8. HP: 78/78 MP: 8/17
  5680 | D:5      | Found a glowing silver altar of Zin.
  5765 | D:5      | Found a deep blue altar of Sif Muna.
  7477 | D:6      | Found a staircase to the Ecumenical Temple.
  7485 | Temple   | Entered the Ecumenical Temple
  7569 | Temple   | Became a worshipper of Vehumet
  7706 | D:6      | Found Jameaxul's General Store.
  7715 | D:6      | Bought a scroll of magic mapping for 35 gold pieces
  7715 | D:6      | Bought a potion of haste for 100 gold pieces
  7715 | D:6      | Bought a potion of curing for 30 gold pieces
  7715 | D:6      | Bought a potion of magic for 80 gold pieces
  7737 | D:6      | Found a hide-covered altar of Uskayaw.
  7784 | D:6      | Reached XP level 9. HP: 83/84 MP: 11/19
  7946 | D:7      | Found Fant's Magic Scroll Boutique.
  8014 | D:7      | Bought a scroll of teleportation for 36 gold pieces
  8110 | D:7      | Found a snail-covered altar of Cheibriados.
  8540 | D:7      | Noticed Pikel
  8564 | D:7      | Killed Pikel
  8564 | D:7      | Reached skill level 7 in Spellcasting
  8918 | D:7      | Reached skill level 5 in Conjurations
  9179 | D:7      | Found a basalt altar of Yredelemnul.
  9456 | D:8      | Found Vupraad's General Store.
  9469 | D:8      | Bought a scroll of remove curse for 45 gold pieces
  9574 | D:8      | Found Noita's Gadget Emporium.
  9639 | D:8      | Noticed a hornet
  9651 | D:8      | Mangled by a hornet

Vault maps used:
D:1:      dpeg_arrival_boxorama, serial_forest, infiniplex_forest_straight_3,
          infiniplex_forest_lined_room_, infiniplex_forest_corner_1,
          infiniplex_forest_end_3, infiniplex_forest_straight_2,
          infiniplex_forest_clump_cross, infiniplex_forest_end_3
D:2:      lemuel_crystal_altar, first_ration, nemelex_diamond_rough_becter
D:3:      elyvilon_altar_3, minmay_fountain_box
D:4:      xom_butterflies, gammafunk_temple_overflow_statue, okawaru_trees_2,
          serial_shops, shop, shop_statue, nicolae_shop_stone, kennysheep_mini
D:5:      old_standard_altar, nicolae_overflow_hidden_temple
D:6:      eat_drink_and_be_merry_uskayaw, minmay_temple_entry_glassed_door,
          serial_shops, shop
D:7:      lemuel_crystal_altar, lemuel_mausoleum_altar_yredelemnul,
          minmay_shop_grid_forest, uniq_pikel
D:8:      makhleb_grotto_becter, lemuel_doored_altar, serial_shops,
          nicolae_shop_waterfront, shop, nicolae_shop_statue_plus, shop, shop
Temple:   jpeg_temple_island

Skill      XL: |  1  2  3  4  5  6  7  8  9 |
---------------+----------------------------+-----
Spellcasting   | 4 5 6 7 |  7.6
Conjurations   | 1 2 3 4 5 |  5.2
Fighting       | 1 2 3 4 |  4.7
Armour         | 1 2 |  2.2
Fire Magic     | 1 2 3 4 |  4.9
Evocations     | 1 2 3 |  3.9
Throwing       | 1 3 4 |  4.2
Dodging        | |  1.8
Stealth        | |  1.4
Summonings     | |  0.8
Translocations | |  0.8

Action                   |  1- 3 |  4- 6 |  7- 9 || total
-------------------------+-------+-------+-------++-------
Melee: Unarmed           |    25 |       |       ||    25
       Club              |     5 |       |       ||     5
       Spear             |       |   169 |   427 ||   596
 Cast: Magic Dart        |    44 |    79 |   212 ||   335
       Call Imp          |     5 |     9 |     8 ||    22
       Blink             |     1 |     2 |     5 ||     8
       Conjure Flame     |       |    11 |    32 ||    43
  Use: Potion            |       |       |     2 ||     2
  Eat: Chunk             |     2 |     9 |    12 ||    23
       Ration            |       |       |     2 ||     2
Armor: Robe              |     3 |     7 |    38 ||    48
Dodge: Dodged            |    12 |    21 |    96 ||   129

Table legend:
 A = Spawn XP
 B = Non-spawn XP
 C = Spawn XP percentage of total XP
 D = Spawn monster count
 E = Non-spawn monster count
 F = Spawn count percentage of total count
 G = Total turns spent on level
                    A         B        C        D         E        F      G
               +---------+---------+-------+---------+---------+-------+---------
         Total |       0 |    4045 |   0.0 |       0 |     149 |   0.0 |  9651
               +---------+---------+-------+---------+---------+-------+---------
           D:1 |       0 |      16 |   0.0 |       0 |      10 |   0.0 |  1270
           D:2 |       0 |     164 |   0.0 |       0 |      27 |   0.0 |  1574
           D:3 |       0 |     415 |   0.0 |       0 |      29 |   0.0 |  1388
           D:4 |       0 |     364 |   0.0 |       0 |      23 |   0.0 |  1241
           D:5 |       0 |     682 |   0.0 |       0 |      23 |   0.0 |  1351
           D:6 |       0 |     772 |   0.0 |       0 |      14 |   0.0 |   905
           D:7 |       0 |    1380 |   0.0 |       0 |      17 |   0.0 |  1463
           D:8 |       0 |     252 |   0.0 |       0 |       6 |   0.0 |   243
               +---------+---------+-------+---------+---------+-------+---------
